Map: Overgrown Facility

Players

PureLegacy - Winner!

  • Race: Terran Terran
  • Spawn Location: 7:00

DrTasty - Winner!

  • Race: Protoss Protoss
  • Spawn Location: 9:00

Papasito

  • Race: Zerg Zerg
  • Spawn Location: 1:00

Sirion

  • Race: Zerg Zerg
  • Spawn Location: 3:00

VOD

Have the link to the VOD?

Description

Time

  • Played on: Nov. 23, 2018, 8:56 a.m.
  • Length: 7:03
Show
View Real Time Build Order
Export as new Build Order

PureLegacy Terran - Winner!

Build Orders:  

Get SALT Encoding   

  12  0:01  SCV  
  13  0:13  SCV  
  14  0:18  Supply Depot  
  14  0:25  SCV  
  15  0:30  Refinery  
  15  0:40  SCV  
  16  0:49  Barracks  
  16  0:52  SCV  
  17  1:05  Barracks  
  17  1:19  Barracks  
  17  1:25  SCV  
  18  1:37  Reaper  
  19  1:45  Orbital Command  
  19  1:51  Refinery  
  19  1:53  Reaper  
  20  2:03  Supply Depot  
  21  2:08  Reaper  
  21  2:12  Reaper  
  22  2:18  SCV  
  23  2:25  Supply Depot  
  23  2:28  Reaper  
  24  2:31  SCV  
  25  2:40  Reaper  
  25  2:44  Reaper  
  27  3:00  Reaper  
  28  3:06  Command Center  
  28  3:08  SCV  
  28  3:12  Reaper  
  30  3:20  Reaper  
  30  3:24  SCV  
  32  3:32  Reaper  
  33  3:36  SCV  
  34  3:43  Supply Depot  
  34  3:45  Reaper  
  35  4:00  Reaper  
  36  4:04  Barracks  
  36  4:05  Barracks  
  36  4:15  Reaper  
  37  4:23  Reaper  
  38  4:25  SCV, Orbital Command  
  39  4:31  Engineering Bay  
  39  4:37  Reaper, SCV  
  41  4:48  Reaper  
  41  4:52  SCV x2  
  44  4:54  Refinery, Reaper  
  44  4:58  Terran Infantry Weapons Level 1  
  46  5:01  Reaper  
  46  5:02  Refinery  
  46  5:04  SCV  
  46  5:05  SCV  
  49  5:10  Reaper  
  48  5:21  Reaper  
  48  5:23  SCV x2  
  48  5:26  Reaper  
  50  5:30  Barracks, Reaper  
  50  5:31  Barracks  
  50  5:34  Reaper  
  52  5:39  SCV  
  52  5:40  Supply Depot  
  52  5:42  Reaper  
  54  5:53  Reaper  
  50  5:58  Reaper  
  50  5:59  SCV x2  
  50  6:02  Reaper  
  53  6:06  Reaper  
  54  6:11  SCV  
  54  6:12  SCV  
  54  6:16  Reaper  
  57  6:18  Reaper  
  57  6:19  Supply Depot, Reaper  
  57  6:23  SCV  
  60  6:26  Reaper  
  60  6:27  SCV  
  58  6:49  SCV x2  
Show
View Real Time Build Order
Export as new Build Order

DrTasty Protoss - Winner!

Build Orders:  

Get SALT Encoding   

  12  0:01  Probe  
  13  0:13  Probe  
  14  0:26  Probe  
  15  0:52  Pylon x2  
  15  1:10  Probe  
  16  1:11  Gateway  
  16  1:14  Gateway  
  16  1:16  Gateway  
  16  1:22  Probe  
  17  1:29  Pylon  
  17  1:34  Probe  
  17  1:37  Assimilator  
  18  1:46  Probe  
  19  1:52  Zealot  
  19  1:54  Zealot  
  19  1:57  Zealot  
  19  1:58  Probe  
  26  2:09  Cybernetics Core  
  26  2:15  Probe  
  27  2:27  Probe  
  27  2:29  Assimilator  
  28  2:31  Pylon  
  28  2:50  Warp Gate  
  28  2:53  Adept  
  28  2:54  Adept x2  
  34  3:01  Probe  
  35  3:20  Adept  
  37  3:27  Pylon  
  37  3:30  Robotics Facility  
  37  3:44  Adept  
  37  3:45  Adept  
  41  3:51  Pylon  
  37  4:15  Immortal  
  33  4:27  Probe  
  33  4:29  Gateway  
  34  4:54  Immortal  
  34  4:57  Pylon  
  36  5:01  Sentry x2  
  40  5:23  Immortal  
  40  5:26  Nexus  
  44  5:45  Sentry  
  46  5:59  Forge  
  46  6:01  Probe  
  46  6:02  Immortal  
  51  6:13  Probe  
  51  6:14  Sentry x2  
  56  6:25  Probe  
  57  6:37  Probe  
  52  6:55  Stalker x2  
  52  6:56  Stalker  
Show
View Real Time Build Order
Export as new Build Order

Papasito Zerg 

Build Orders: Pool First 

Get SALT Encoding   

  12  0:05  Drone  
  13  0:14  Drone  
  14  0:30  Spawning Pool  
  14  0:31  Extractor  
  14  0:33  Drone  
  13  0:38  Drone  
  14  0:49  Overlord  
  14  0:55  Overlord  
  14  1:06  Overlord  
  14  1:19  Queen  
  16  1:26  Drone  
  17  1:36  Drone x2  
  19  1:43  Zergling x2  
  20  1:47  Metabolic Boost  
  20  1:52  Zergling x2  
  21  2:04  Zergling x2  
  22  2:12  Zergling x2  
  23  2:23  Zergling x2  
  24  2:40  Zergling x6  
  26  2:57  Zergling x4  
  25  3:18  Zergling x4  
  24  3:22  Spine Crawler  
  24  3:25  Spine Crawler  
  21  3:27  Spore Crawler  
  21  3:29  Hatchery  
  19  3:37  Zergling x4  
  21  3:54  Zergling x2  
  21  3:58  Lair  
  21  3:59  Spine Crawler  
  17  4:25  Drone x3  
  20  4:40  Zergling x2  
  18  4:48  Zergling x2  
  19  4:56  Queen  
  19  4:57  Drone x2, Spine Crawler  
  22  5:06  Hydralisk Den  
  21  5:08  Extractor  
  21  5:09  Zergling x4  
  22  5:23  Drone x2  
  24  5:41  Drone x4  
  28  5:50  Spine Crawler  
  27  5:59  Hydralisk  
  27  6:03  Drone x2  
  31  6:15  Drone x3  
  34  6:21  Hydralisk  
  36  6:30  Overseer  
  36  6:38  Hydralisk  
  36  6:39  Hydralisk  
Show
View Real Time Build Order
Export as new Build Order

Sirion Zerg 

Build Orders: Pool First 

Get SALT Encoding   

  12  0:01  Drone  
  13  0:12  Overlord  
  13  0:17  Drone  
  14  0:30  Drone  
  14  0:31  Drone  
  14  0:34  Drone  
  17  0:56  Drone x2, Spawning Pool  
  18  1:01  Extractor  
  17  1:13  Drone  
  18  1:23  Hatchery  
  17  1:42  Zergling x4  
  17  1:43  Zergling x2  
  17  1:45  Queen  
  22  1:54  Overlord  
  22  2:10  Metabolic Boost  
  22  2:18  Drone x2  
  24  2:23  Queen  
  26  2:31  Overlord  
  26  2:44  Drone x2  
  27  2:52  Roach Warren  
  27  2:57  Queen  
  28  3:13  Overlord  
  28  3:31  Roach  
  28  3:32  Roach x4  
  28  3:33  Roach  
  39  3:46  Roach x2  
  39  3:56  Roach x2  
  41  4:03  Drone x2  
  43  4:30  Lair  
  43  4:31  Drone x5  
  48  4:53  Roach x2  
  48  4:55  Overlord x2  
  48  4:58  Extractor  
  51  5:02  Extractor  
  51  5:03  Drone x2  
  51  5:05  Overlord  
  43  5:24  Roach x4  
  43  5:25  Drone x2  
  53  5:34  Drone x3  
  56  5:40  Drone x2  
  58  5:43  Drone  
  57  5:56  Roach x3  
  59  6:00  Ravager  
  60  6:09  Ravager  
  61  6:12  Drone x4  
  61  6:13  Drone x3  
  68  6:19  Ravager  
  68  6:22  Drone  
Tags
 
Add a new tag
Caveats
  • Supply blocks, unpowered buildings, or Contaminate may cause inaccurate times.
  • Supply counts are checked every 10 seconds.